 Seeded DCSS version 0.24.1-14-gf8d2b509d9 (webtiles) character file.

Game seed: 12398309004814789253, levelgen mode: deterministic

6883 sahdkjhfkaj the Cleaver (level 10, -19/132 HPs)
             Began as a Minotaur Berserker on Nov 2, 2020.
             Was a Priest of Trog.
             Demolished by an enormous slime creature (69 damage)
             ... while paralysed
             ... on level 9 of the Dungeon.
             The game lasted 00:15:17 (7711 turns).

sahdkjhfkaj the Cleaver (Minotaur Berserker)        Turns: 7711, Time: 00:15:17

Health: -19/132    AC: 14    Str: 29    XL:     10   Next: 79%
Magic:  0/12       EV:  2    Int:  8    God:    Trog [***...]
Gold:   169        SH:  0    Dex: 17    Spells: 9/9 levels left

rFire    . . .     SeeInvis .   F - +8 scimitar of the Briny Deep {slice, Int+4 Dex+6}
rCold    . . .     Gourm    .   z - +0 buckler
rNeg     . . .     Faith    .   n - +0 chain mail
rPois    .         Spirit   +   J - +0 hat
rElec    .         Reflect  .   f - +0 cloak
rCorr    .         Harm     .   (no gloves)
MR       .....                  v - +1 pair of boots
Stlth    ..........             x - amulet of guardian spirit
HPRegen  0.32/turn              (no ring)
MPRegen  0.13/turn              (no ring)

@: paralysed, berserking, fainting
A: retaliatory headbutt, horns 2
a: Berserk, Trog's Hand, Renounce Religion


You were on level 9 of the Dungeon.
You worshipped Trog.
Trog was most pleased with you.
You were fainting.

You visited 1 branch of the dungeon, and saw 9 of its levels.

You collected 466 gold pieces.
You spent 297 gold pieces at shops.

Inventory:

Hand Weapons
 a - a +0 hand axe
 F - the +8 scimitar of the Briny Deep (weapon) {slice, Int+4 Dex+6}
   (You bought it in a shop on level 4 of the Dungeon)

   It inflicts extra damage upon your enemies.
   It affects your intelligence (+4).
   It affects your dexterity (+6).
Missiles
 d - 299 stones (quivered)
 m - 44 poisoned darts
Armour
 f - a +0 cloak (worn)
 n - a +0 chain mail (worn)
 v - a +1 pair of boots (worn)
 z - a +0 buckler (worn)
 J - a +0 hat (worn)
Jewellery
 x - an amulet of guardian spirit (around neck)
Wands
 k - a wand of enslavement (6)
 l - a wand of iceblast (17)
 A - a wand of random effects (32)
 B - a wand of flame (1)
 L - a wand of paralysis (9)
Scrolls
 b - 2 scrolls of fear {!r}
 i - 3 scrolls of enchant armour {!r enchant armour, unknown}
 j - 6 scrolls of teleportation {!r}
 p - a scroll of enchant weapon {!r}
 q - 2 scrolls of immolation {!r}
 u - 3 scrolls of magic mapping {!r}
 w - 2 scrolls of remove curse {!r}
 G - a scroll of enchant armour {!r, unknown}
 H - a scroll of fog {!r, unknown}
Potions
 e - 3 potions of curing {!q}
 g - a potion of agility {!q}
 h - 2 potions of heal wounds {!q, unknown}
 o - a potion of cancellation {!q, unknown}
 r - 2 potions of might {!q, unknown}
 t - a potion of haste {!q, unknown}
 C - a potion of degeneration {!q, unknown}
 D - a potion of mutation {!q, unknown}
 I - a potion of berserk rage {!q}
Comestibles
 c - 17 rations


   Skills:
 + Level 7.9 Fighting
 - Level 8.1 Long Blades
 * Level 10.9 Axes
 - Level 1.3 Throwing
 + Level 7.7 Armour
 + Level 6.7 Dodging
 - Level 0.6 Stealth
 - Level 4.0 Shields
 - Level 5.0 Evocations


You had 9 spell levels left.
You didn't know any spells.
Your spell library was empty.

Dungeon Overview and Level Annotations

Branches:
Dungeon (9/15)             Temple (0/1) D:7
   Lair: D:8-11         Orc: D:9-12

Altars:
Elyvilon
Gozag
Makhleb
Vehumet
Zin
The Shining One

Shops:
D:4 *   D:7 *   D:8 !

Annotations:
D:4 1 runed translucent door, Crazy Yiuf


Innate Abilities, Weirdness & Mutations

You reflexively headbutt those who attack you in melee.
You have a pair of horns on your head.


Message History

You are too injured to fight recklessly!
You are too injured to fight recklessly!
You are too injured to fight recklessly!
You are too injured to fight recklessly!
You are too injured to fight recklessly!
Unknown command.
A red film seems to cover your vision as you go berserk!
You feel yourself moving faster!
You feel mighty!
You are fainting from starvation!
Two slime creatures merge to form an enormous slime creature.
You slash the enormous slime creature!
The enormous slime creature is lightly wounded.
You lose consciousness!
The enormous slime creature hits you!!!
* * * LOW HITPOINT WARNING * * *
You hear a bellow! x2
The enormous slime creature hits you but does no damage.
The enormous slime creature hits you!!!!
Ouch! That really hurt!
You die...

#.. ####.#
#...#
##.<##
##..()##
#...(..#
#.J..#..#
#.#.##.....
#.#@#
.##.## #
#J# # .#
#c# # #.#
#.# ... ...
##.


You could see an enormous slime creature, a slime creature and a centaur.

Vanquished Creatures
  Gastronok (D:8)
  A two-headed ogre (D:8)
  A hornet (D:8)
  Grinder (D:4)
  A slime creature (D:9)
  3 hogs (D:8)
  A yak (D:8)
  Sigmund (D:3)
  A human (D:8)
  The ghost of gamerdudes the Grasshopper, an amateur GnWr (D:4)
  3 sky beasts
  2 orc warriors (D:6)
  An ice beast (D:5)
  A phantom (D:8)
  3 ogres
  A centaur (D:5)
  A big kobold (D:8)
  2 wyvern zombies
  4 bullfrogs
  3 scorpions
  6 killer bees
  2 crimson imps (D:7)
  A bullfrog zombie (D:8)
  5 hounds
  8 orc wizards
  A centaur skeleton (D:6)
  2 orc priests (D:6)
  2 bullfrog skeletons
  3 iguanas (D:6)
  4 worker ants
  2 hound skeletons
  A howler monkey zombie (D:6)
  3 gnolls (D:5)
  A howler monkey skeleton (D:4)
  10 adders
  An adder skeleton (D:6)
  2 adder zombies
  3 dart slugs
  A leopard gecko (D:1)
  13 orcs
  5 ball pythons
  8 giant cockroaches
  8 goblins
  11 hobgoblins
  6 jackals
  10 kobolds
  6 quokkas
  3 bats
  5 frilled lizards
  A jackal skeleton (D:4)
  2 leopard gecko zombies (D:5)
  3 rats
172 creatures vanquished.

Vanquished Creatures (collateral kills)
  Maurice (D:8)
1 creature vanquished.

Grand Total: 173 creatures vanquished

Notes
Turn   | Place    | Note
-------+----------+-------------------------------------------
     0 | D:1      | sahdkjhfkaj the Minotaur Berserker began the quest for the
                  | Orb.
     0 | D:1      | Reached XP level 1. HP: 19/19 MP: 0/0
   450 | D:1      | Reached XP level 2. HP: 17/27 MP: 1/1
   573 | D:1      | Reached skill level 4 in Axes
   956 | D:1      | Reached ** piety under Trog
   960 | D:1      | Reached XP level 3. HP: 31/33 MP: 2/2
  1538 | D:2      | Noticed a sky beast
  1552 | D:2      | Killed a sky beast
  1552 | D:2      | Reached skill level 5 in Axes
  1552 | D:2      | Reached XP level 4. HP: 41/41 MP: 3/3
  1552 | D:2      | Reached XP level 5. HP: 47/47 MP: 4/4
  1724 | D:2      | Found an opulent altar of Gozag.
  2033 | D:3      | Reached skill level 1 in Throwing
  2106 | D:3      | Found a glowing silver altar of Zin.
  2107 | D:3      | Found Zin's Purification Station.
  2115 | D:3      | Noticed Sigmund
  2131 | D:3      | Killed Sigmund
  2131 | D:3      | Reached skill level 5 in Fighting
  2131 | D:3      | Reached skill level 6 in Axes
  2131 | D:3      | Reached XP level 6. HP: 52/56 MP: 5/5
  2146 | D:3      | Bought a potion of curing for 90 gold pieces
  2387 | D:3      | Found a glowing golden altar of the Shining One.
  2529 | D:4      | Found Oneghaaz's Assorted Antiques.
  2595 | D:4      | Reached XP level 7. HP: 53/61 MP: 6/6
  2794 | D:4      | Reached skill level 7 in Axes
  2809 | D:4      | Found a runed translucent door.
  2809 | D:4      | Noticed gamerdudes's ghost (amateur GnWr)
  2818 | D:4      | Killed gamerdudes's ghost
  2818 | D:4      | Reached skill level 5 in Armour
  2850 | D:4      | Reached *** piety under Trog
  2857 | D:4      | Noticed Grinder
  2875 | D:4      | Killed Grinder
  2877 | D:4      | Reached XP level 8. HP: 67/69 MP: 6/9
  3081 | D:4      | Found a runed translucent door.
  3082 | D:4      | Noticed Crazy Yiuf
  3448 | D:5      | Entered Level 5 of the Dungeon
  3569 | D:5      | Found a white marble altar of Elyvilon.
  3744 | D:5      | Reached skill level 1 in Shields
  4271 | D:6      | Reached skill level 5 in Evocations
  4619 | D:6      | Reached skill level 8 in Axes
  4623 | D:6      | Reached **** piety under Trog
  5006 | D:6      | Reached XP level 9. HP: 68/75 MP: 11/11
  5555 | D:7      | Found a staircase to the Ecumenical Temple.
  5626 | D:7      | Found a burning altar of Makhleb.
  5633 | D:7      | Found a radiant altar of Vehumet.
  5699 | D:7      | Reached skill level 5 in Dodging
  5979 | D:7      | Found Gunimm's Lightly-Used Armoury.
  6067 | D:4      | Bought a polished scimitar for 207 gold pieces
  6067 | D:4      | Identified the +8 scimitar of the Briny Deep {slice, Int+4
                  | Dex+6} (You bought it in a shop on level 4 of the Dungeon)
  6377 | D:7      | Reached skill level 1 in Long Blades
  6646 | D:8      | Found Gyur's Distillery.
  6647 | D:8      | Noticed a two-headed ogre
  6654 | D:8      | Killed a two-headed ogre
  6856 | D:8      | Noticed Gastronok
  6869 | D:8      | Killed Gastronok
  6869 | D:8      | Reached skill level 10 in Axes
  6869 | D:8      | Reached XP level 10. HP: 86/86 MP: 12/12
  6974 | D:8      | Received a gift from Trog
  7098 | D:8      | Noticed Maurice
  7106 | D:8      | Killed Maurice
  7707 | D:9      | Paralysed by fainting for 11 turns
  7711 | D:9      | Demolished by an enormous slime creature

Levels and vault maps discovered:
D:1:      minmay_arrival_loop, layout_rooms
D:2:      layout_rooms, grunt_gozag_statues, first_ration, hangedman_glass_teeth
D:3:      layout_rooms, zin_purify, lemuel_doored_altar, uniq_sigmund
D:4:      layout_basic, serial_shops, nicolae_shop_waterfront,
          ebering_ghost_reflecting_pool, uniq_grinder, uniq_crazy_yiuf_cottage
D:5:      layout_basic, elyvilon_altar_5
D:6:      layout_gridville
D:7:      layout_loops_ring, grunt_temple_overflow_lords_of_destruction,
          minmay_temple_entry_junction, minmay_shop_damaged
D:8:      layout_cave_pods, serial_shops, nicolae_shop_stone, grunt_livestock,
          uniq_gastronok, uniq_maurice
D:9:      layout_loops_ring, minmay_misc_feat_roman

Skill      XL: |  1  2  3  4  5  6  7  8  9 |
---------------+----------------------------+-----
Fighting       | 4 5 7 |  7.9
Axes           | 4 5 6 7 8 10 | 10.9
Dodging        | 3 4 6 |  6.7
Armour         | 3 4 5 7 |  7.7
Throwing       | 1 |  1.3
Evocations     | 3 5 |  5.0
Shields        | 4 |  4.0
Long Blades    | 8 |  8.1
Stealth        | |  0.6

Action                   |  1- 3 |  4- 6 |  7- 9 | 10-12 || total
-------------------------+-------+-------+-------+-------++-------
Melee: Hand axe          |    77 |    93 |   284 |       ||   454
       Headbutt          |    11 |    16 |    64 |     6 ||    97
       Scimitar          |       |       |    33 |    34 ||    67
Throw: Stone             |    15 |       |       |       ||    15
       Dart              |     2 |       |       |     4 ||     6
Invok: Berserk           |     1 |     1 |     7 |     2 ||    11
       Trog's Hand       |       |     3 |     1 |       ||     4
Evoke: Wand              |       |       |       |     1 ||     1
  Use: Scroll            |       |     1 |     5 |     1 ||     7
  Eat: Chunk             |     2 |     5 |    14 |     3 ||    24
       Ration            |       |       |     2 |       ||     2
Armor: Animal skin       |    13 |       |       |       ||    13
       Chain mail        |     5 |    66 |   154 |    11 ||   236
Dodge: Dodged            |    54 |    50 |   116 |    12 ||   232
Block: Buckler           |       |       |    40 |    12 ||    52
       Rpst.: Scimitar   |       |       |     7 |     4 ||    11
